 Dungeon Crawl Stone Soup version 0.31-a0-152-g6aa68a64a1 (webtiles) character file.

Game seed: 1489693244702097141

117 qw the Chopper (level 5, 0/32 HPs)
             Began as a Gargoyle Fighter on June 10, 2023.
             Slain by Ijyb
             ... wielding a +2 dagger of freezing
              (1 damage)
             ... on level 3 of the Dungeon.
             The game lasted 00:01:02 (2145 turns).

qw the Chopper (Gargoyle Fighter)                   Turns: 2145, Time: 00:01:03

Health: 0/32       AC: 13    Str: 21    XL:     5   Next: 1%
Magic:  5/5        EV:  4    Int:  9    God:
Gold:   102        SH:  4    Dex:  9    Spells: 4/4 levels left

rFire   . . .        Y - +0 war axe
rCold   . . .        c - +0 buckler
rNeg    + . .        h - +0 chain mail
rPois   inf          (no helmet)
rElec   +            (no cloak)
rCorr   .            (no gloves)
SInv    .            (no boots)
Will    .....        (no amulet) Stlth
                     (no ring)
HPRegen 0.25/turn    (no ring)
MPRegen 0.09/turn

%: no passive effects
@: grasped by roots, constricted
A: sickness immunity, AC +4, negative energy resistance 1, electricity
resistance, torment resistance 1, petrification resistance
a: no special abilities


You were on level 3 of the Dungeon.
You visited 1 branch of the dungeon, and saw 3 of its levels.

You collected 102 gold pieces.


Innate Abilities, Weirdness & Mutations

You are immune to sickness and miasma.
Your stone body is resilient. (AC +4)
You are immune to poison.
You resist negative energy. (rN+)
You are resistant to electric shocks. (rElec)
You are resistant to unholy torment.
You are immune to petrification.


   Skills:
 - Level 3.2 Fighting
 + Level 4.5 Axes
 - Level 3.2 Armour
 - Level 3.2 Shields


You had 4 spell levels left.
You didn't know any spells.
Your spell library was empty.

Inventory:

Hand Weapons
 b - a +0 flail
 Y - a +0 war axe (weapon)
Armour
 c - a +0 buckler (worn)
 h - a +0 chain mail (worn)
Jewellery
 e - a ring of fire
 l - an amulet of magic regeneration
Wands
 g - a wand of digging (8)
Scrolls
 f - a scroll of noise {unknown}
 k - 3 scrolls of identify
 m - a scroll of poison {unknown}
 n - a scroll of amnesia {unknown}
Potions
 a - a potion of curing
 d - a potion of might
 j - a potion of berserk rage {unknown}

Dungeon Overview and Level Annotations

Branches:
Dungeon (3/15)

Altars:
Ru

Annotations:
D:3 Ijyb


Message History

Ijyb hits you with a +2 dagger of freezing.
Ijyb freezes you. The grasping roots constrict you.
You closely miss Ijyb.
Ijyb is moderately wounded.
You block Ijyb's attack. The grasping roots constrict you.
You block Ijyb's attack. The grasping roots constrict you.
The grasping roots release their grip on you.
2140 ||| DRINKING potion of heal wounds.
You feel much better.
Ijyb zaps a wand.
The roots erupt in riotous growth!
The grasping roots grab you!
Ijyb is unaffected.
The grasping roots constrict you.
You hit Ijyb.
Ijyb is heavily wounded.
Ijyb hits you but does no damage. The grasping roots constrict you.
The grasping roots release their grip on you.
You barely miss Ijyb.
Ijyb is heavily wounded.
You slash the gnoll!
Ijyb zaps a wand.
The roots erupt in riotous growth!
The grasping roots grab you!
The gnoll is unaffected.
Ijyb is unaffected.
The grasping roots constrict you. The gnoll hits you with a +0 flail.
You closely miss Ijyb.
Ijyb is heavily wounded.
You hit the gnoll. Ijyb hits you but does no damage.
The grasping roots constrict you. The gnoll hits you with a +0 flail!
You hit the gnoll.
The gnoll is severely wounded.
You closely miss Ijyb. Ijyb hits you but does no damage.
The grasping roots constrict you. The gnoll hits you with a +0 flail.
Ijyb hits you but does no damage. The grasping roots constrict you.
The gnoll hits you with a +0 flail.
You slash the gnoll!
You kill the gnoll!
You closely miss Ijyb.
Ijyb hits you with a +2 dagger of freezing.
Ijyb freezes you.
You die...

..>.........................%<..#
)............).##..#..#.#.......#
...####...####.##..#..#.#.......#
##.# #%..# #..........#.......#
##.# #.#.# ####.....###########
##.# #...# ##........# ...# ##.##
### ########.#
########.####.######## #.#
#............@g...# #.#######
#.###.......)####.# #........
####.###...#....### #########
#.................#
#.##.###...##...#.#
#...)........#.##.#
g...####.............# #
######.###.#### #......# .#


You could see Ijyb.

Vanquished Creatures
  Jessica (D:2)
  2 gnolls (D:3)
  3 adders
  2 worms (D:2)
  A dart slug (D:1)
  6 orcs (D:3)
  4 bats
  An endoplasm (D:3)
  A giant cockroach (D:1)
  4 goblins
  2 hobgoblins
  5 kobolds
  2 quokkas (D:3)
  3 ball pythons
  2 frilled lizards (D:3)
  7 rats
46 creatures vanquished.

Notes
Turn   | Place    | Note
-------+----------+-------------------------------------------
     0 | D:1      | qw the Gargoyle Fighter began the quest for the Orb.
     0 | D:1      | Reached XP level 1. HP: 14/14 MP: 1/1
     0 | D:1      | 0 ||| qw: Version: 0.2-a-29-gd901d54
     0 | D:1      | 0 ||| qw: Game counter: 3964
     0 | D:1      | 0 ||| qw: Always use a shield: true
     0 | D:1      | 0 ||| qw: God list: Okawaru
     0 | D:1      | 0 ||| qw: Allow faded altars: false
     0 | D:1      | 0 ||| qw: Do Orc after D:15 true
     0 | D:1      | 0 ||| qw: Do second Lair branch before Depths: true
     0 | D:1      | 0 ||| qw: Lair rune preference: random
     0 | D:1      | 0 ||| qw: Plans: Normal, Zot:1-4, Slime:5, God:TSO, Crypt,
                  | Tomb, Abyss, Pan, Hells, Win
     0 | D:1      | 0 ||| PLANNING D:1-11
    61 | D:1      | Reached skill level 2 in Axes
    75 | D:1      | 75 ||| DROPPING +0 club.
   101 | D:1      | 101 ||| Stepping ~*~*~tactically~*~*~ (hiding).
   209 | D:1      | Reached XP level 2. HP: 19/19 MP: 2/2
   736 | D:1      | 736 ||| READING scroll labelled WAICAQA UZOB.
   838 | D:1      | 838 ||| READING scroll labelled NECSIWNOEGG.
   899 | D:2      | 899 ||| STAIRDANCE
  1003 | D:2      | Noticed Jessica
  1004 | D:2      | 1004 ||| Stepping ~*~*~tactically~*~*~ (hiding).
  1014 | D:2      | Killed Jessica
  1015 | D:2      | Reached skill level 3 in Axes
  1015 | D:2      | Reached XP level 3. HP: 9/23 MP: 3/3
  1318 | D:2      | Reached XP level 4. HP: 28/28 MP: 4/4
  1465 | D:2      | Found a sacrificial altar of Ru.
  1484 | D:2      | Reached skill level 4 in Axes
  1535 | D:2      | 1535 ||| UPGRADING to +0 chain mail.
  1545 | D:2      | 1545 ||| DROPPING +0 scale mail.
  1546 | D:2      | 1546 ||| READING scroll labelled MYEF ETTEACSO.
  1547 | D:2      | 1547 ||| READING scroll labelled AWKOZI GEAB.
  1548 | D:2      | 1548 ||| DRINKING 2 fuming orange potions.
  1614 | D:3      | 1614 ||| Stepping ~*~*~tactically~*~*~ (stealth).
  1627 | D:3      | 1627 ||| DROPPING +0 whip.
  1750 | D:3      | 1750 ||| Stepping ~*~*~tactically~*~*~ (stealth).
  1757 | D:3      | 1757 ||| Stepping ~*~*~tactically~*~*~ (stealth).
  1892 | D:3      | 1892 ||| Stepping ~*~*~tactically~*~*~ (stealth).
  2113 | D:3      | 2113 ||| Stepping ~*~*~tactically~*~*~ (stealth).
  2119 | D:3      | Reached XP level 5. HP: 32/32 MP: 5/5
  2131 | D:3      | Noticed Ijyb
  2139 | D:3      | HP: 8/32 [constriction (2)]
  2140 | D:3      | 2140 ||| DRINKING potion of heal wounds.
  2144 | D:3      | HP: 6/32 [gnoll/+0 flail (4)]
  2145 | D:3      | HP: 1/32 [Ijyb/+2 dagger of freezing (2)]
  2145 | D:3      | Slain by Ijyb

Levels and vault maps discovered:
D:1:      lightli_molten_gateway, layout_basic, hex_large
D:2:      layout_rooms, basic_altar, uniq_jessica
D:3:      layout_loops_cross, serial_park_tiny_pond, uniq_ijyb

Skill      XL: |  1  2  3  4 |
---------------+-------------+-----
Axes           | 2 3 4 |  4.5
Fighting       | |  3.2
Armour         | |  3.2
Shields        | |  3.2

Action                     |  1- 3 |  4- 6 || total
---------------------------+-------+-------++-------
  Melee: War axe           |    54 |   115 ||   169
    Use: Scroll            |     2 |     2 ||     4
         Potion            |       |     2 ||     2
 Armour: Scale mail        |    27 |    25 ||    52
         Chain mail        |       |    40 ||    40
  Dodge: Dodged            |    30 |    35 ||    65
  Block: Buckler           |     9 |    20 ||    29

Table legend:
 A = Non-vault XP
 B = Vault XP
 C = Vault XP percentage of total XP
 D = Non-vault monster count
 E = Vault monster count
 F = Vault count percentage of total count
                 A         B        C        D         E       F
            +---------+---------+-------+---------+---------+-------
      Total |     145 |      37 |  20.3 |      45 |       1 |   2.2
            +---------+---------+-------+---------+---------+-------
        D:1 |      24 |       0 |   0.0 |      13 |       0 |   0.0
        D:2 |      43 |      37 |  46.2 |      10 |       1 |   9.1
        D:3 |      78 |       0 |   0.0 |      22 |       0 |   0.0
            +---------+---------+-------+---------+---------+-------
